 Dungeon Crawl Stone Soup version 0.32-a0-872-g59262bdc9b (webtiles) character file.

Game seed: 2833044585871455807

118 Ajdolov the Covered (level 4, -1/38 HPs)
             Began as an Armataur Fighter on Mar 30, 2024.
             Slain by Grinder (8 damage)
             ... on level 3 of the Dungeon.
             The game lasted 00:04:07 (1804 turns).

Ajdolov the Covered (Armataur Fighter)              Turns: 1804, Time: 00:04:07

Health: -1/38      AC:  7    Str: 24    XL:     4   Next: 72%
Magic:  4/4        EV:  6    Int:  8    God:
Gold:   126        SH:  4    Dex:  9    Spells: 3/3 levels left

rFire   . . .        a - +0 flail
rCold   + . .        c - +0 buckler
rNeg    . . .        b - +0 scale mail
rPois   .            (no helmet)
rElec   .            (no cloak)
rCorr   .            (no gloves)
SInv    .            (no barding)
Will    .....        (no amulet) Stlth
                     n - ring of protection from cold
HPRegen 0.26/turn    (no ring)
MPRegen 0.75/turn

%: roll
@: no status effects
A: large, deformed body, tough skin 3, armoured tail, rollpage 1
a: no special abilities


You were on level 3 of the Dungeon.
You visited 1 branch of the dungeon, and saw 3 of its levels.

You collected 126 gold pieces.

Inventory:

Hand Weapons
 a - a +0 flail (weapon)
Missiles
 j - 4 silver javelins (quivered)
 k - 5 boomerangs
Armour
 b - a +0 scale mail (worn)
 c - a +0 buckler (worn)
Jewellery
 n - a ring of protection from cold (left hand)
 o - an amulet of faith
Scrolls
 d - a scroll of vulnerability {unknown}
 f - 2 scrolls of identify {unknown}
 i - 2 scrolls of fear {unknown}
Potions
 e - a potion of heal wounds
 g - 2 potions of enlightenment
 h - a potion of brilliance {unknown}
 l - a potion of ambrosia {unknown}


   Skills:
 + Level 3.5 Fighting
 + Level 2.9 Maces & Flails
 - Level 4.3 Armour
 - Level 4.0 Shields


You had 3 spell levels left.
You didn't know any spells.
Your spell library was empty.

Dungeon Overview and Level Annotations

Branches:
Dungeon (3/15)

Altars:

Annotations:
D:3 Grinder


Innate Abilities, Weirdness & Mutations

Armour fits poorly on your strangely shaped body.
You have extremely tough skin. (AC +3)
You have a long armoured tail.
You regenerate magic when rolling toward enemies. (Rampage MPRegen)


Message History

You hit Grinder.
Grinder is heavily wounded.
Grinder blinks!
Unknown command.
You see here a throwing net.
Grinder blinks!
An orc comes into view. It is wielding a +0 club.
You see here a throwing net.
You see here a ribbon worm corpse.
You roll towards Grinder!
You barely miss Grinder.
Grinder is heavily wounded.
Grinder barely misses you.
You thump Grinder!
Grinder is severely wounded.
Grinder barely misses you.
A rat comes into view.
Grinder gestures at you.
You suddenly lose the ability to move!
The rat moves out of view.
Grinder hits you. Grinder barely misses you. Grinder gestures at you.
Pain shoots through your body!
You can move again.
Unknown command.
You closely miss Grinder.
Grinder is severely wounded.
The rat squeaks loudly.
Grinder blinks!
Unknown command.
You roll towards Grinder!
Grinder hits you.
You writhe in agony.
You barely miss Grinder.
Grinder is severely wounded.
Grinder hits you.
You writhe in agony.
* * * LOW HITPOINT WARNING * * *
Unknown command.
You barely miss Grinder.
Your tail-slap misses Grinder.
Grinder is severely wounded.
Grinder hits you!
You die...
Grinder says, "Now the real fun starts!"

################
......5.....r....
.......@..###..#
.######.......#
~~~###†#####
~~~~###(######.#.
#........§~......!.$....
#.........~~..!.........
###.....~~....~..#.####o..
#$.....~..~~..~..#.# .
#......~....~~.....#


You could see Grinder and a rat.

Vanquished Creatures
  6 adders (D:2)
  A gnoll (D:1)
  A ribbon worm (D:3)
  2 dart slugs (D:2)
  5 ball pythons
  6 bats
  An endoplasm (D:2)
  6 giant cockroaches
  3 hobgoblins
  3 quokkas (D:2)
  3 frilled lizards
  5 goblins
  3 kobolds
  5 rats
50 creatures vanquished.

Notes
Turn   | Place    | Note
-------+----------+-------------------------------------------
     0 | D:1      | Ajdolov the Armataur Fighter began the quest for the Orb.
     0 | D:1      | Reached XP level 1. HP: 18/18 MP: 1/1
   196 | D:1      | Reached XP level 2. HP: 22/25 MP: 2/2
   541 | D:1      | Found a faded altar of an unknown god.
   933 | D:2      | Reached XP level 3. HP: 31/31 MP: 3/3
  1191 | D:2      | Reached XP level 4. HP: 38/38 MP: 4/4
  1766 | D:3      | Noticed Grinder
  1797 | D:3      | Paralysed by Grinder for 4 turns
  1804 | D:3      | Slain by Grinder

Illustrated notes

Levels and vault maps discovered:
D:1:      giann_forest_graveyard, layout_basic,
          shapermc_ecumenical_altar_mp_highgroup
D:2:      layout_loops_ring, amethyst_killhole, minivault_26
D:3:      cheibrodos_helix_gallery, layout_rooms,
          mainiacjoe_overflow_surrounded_room, lightli_sewer_entry_pipes,
          minivault_23, uniq_grinder

Skill      XL: |  1  2  3  4 |
---------------+-------------+-----
Maces & Flails | 2 |  2.9
Fighting       | 3 |  3.5
Armour         | 4 |  4.3
Shields        | 4 |  4.0

Action                     |  1- 3 |  4- 6 || total
---------------------------+-------+-------++-------
  Melee: Flail             |    94 |    61 ||   155
         Tailslap          |     8 |     1 ||     9
  Throw: Throwing net      |       |     1 ||     1
    Use: Potion            |     3 |       ||     3
 Armour: Scale mail        |    69 |    69 ||   138
  Dodge: Dodged            |    36 |    24 ||    60
  Block: Buckler           |    19 |    17 ||    36

Table legend: (Time is in decaauts)
 A = Elapsed time spent in this place.
 B = Non-inter-level travel time spent in this place.
 C = Inter-level travel time spent in this place.
 D = Time resting spent in this place.
 E = Time spent auto-exploring this place.
 F = Levels seen in this place.
 G = Mean time per level.
                   A        B        C        D        E       F      G
               +--------+--------+--------+--------+--------+-----+--------+
         Total |   1852 |   1816 |     36 |     59 |   1331 |   3 |  617.3 |
       Dungeon |   1852 |   1816 |     36 |     59 |   1331 |   3 |  617.3 |
               +--------+--------+--------+--------+--------+-----+--------+

Top non-repeatable levels by time:
     D:2: 878 daAuts
     D:1: 861 daAuts
     D:3: 112 daAuts
